| TOP OF THE 1ST |
|
Miami Whales batting - Pitching for Pompano Beach Stingrays : LHP Mathew Reeves
|
|
Pitching: LHP Mathew Reeves
|
|
|
Batting: SHB Ramon Alcantara
|
0-0: Swinging Strike 0-1: Ball 1-1: Swinging Strike 1-2: Foul Ball, location: 2F 1-2: Ball 2-2: Strikes out swinging
|
|
Batting: RHB Tom Grant
|
0-0: Foul Ball, location: 2F 0-1: SINGLE (Groundball, 34D, EV 109.4 MPH)
|
|
Batting: LHB Lorenzo Bundy
|
0-0: Swinging Strike 0-1: Swinging Strike 0-2: Foul Ball, location: 2F 0-2: Ball 1-2: Foul Ball, location: 2F 1-2: Fly out, F7 (Flyball, 7LS, EV 86.9 MPH)
|
|
Batting: RHB Rafael Ortega
|
0-0: Called Strike 0-1: Foul Ball, location: 2F 0-2: Strikes out swinging
|
| Top of the 1st over - 0 runs, 1 hit, 0 errors, 1 left on base; Miami 0 - Pompano Beach 0 |
| BOTTOM OF THE 1ST |
|
Pompano Beach Stingrays batting - Pitching for Miami Whales : LHP Xavier Pickhills
|
|
Pitching: LHP Xavier Pickhills
|
|
|
Batting: RHB Jorge Villalobos
|
0-0: Foul Ball, location: 2F 0-1: Ball 1-1: Ball 2-1: Ground out 1-3 (Groundball, 15S, EV 65.6 MPH)
|
|
Batting: SHB Gene Roof
|
0-0: Called Strike 0-1: Fly out, F1 (Line Drive, P, EV 76.3 MPH)
|
|
Batting: RHB Mark Strucher
|
0-0: Ball 1-0: Ball 2-0: Called Strike 2-1: Ball 3-1: Foul Ball, location: 2F 3-2: Strikes out swinging
|
| Bottom of the 1st over - 0 runs, 0 hits, 0 errors, 0 left on base; Miami 0 - Pompano Beach 0 |
| TOP OF THE 2ND |
|
Miami Whales batting - Pitching for Pompano Beach Stingrays : LHP Mathew Reeves
|
|
Batting: RHB Steve Benson
|
0-0: Called Strike 0-1: Ball 1-1: Swinging Strike 1-2: Ball 2-2: SOLO HOME RUN (Flyball, 7D, EV 98.8 MPH), Distance : 382 ft
|
|
Batting: RHB Donald Morris
|
0-0: Called Strike 0-1: Swinging Strike 0-2: Strikes out swinging
|
|
Batting: RHB Ramon Cardenas
|
0-0: Foul Ball, location: 2F 0-1: Foul Ball, location: 2F 0-2: Ground out 6-3 (Groundball, 6, EV 79.4 MPH)
|
|
Batting: SHB Philip Rossi
|
0-0: DOUBLE (Line Drive, 78D, EV 103.8 MPH)
|
|
Batting: RHB Patrick Rubino
|
0-0: Swinging Strike 0-1: Swinging Strike 0-2: Strikes out swinging
|
| Top of the 2nd over - 1 run, 2 hits, 0 errors, 1 left on base; Miami 1 - Pompano Beach 0 |
| BOTTOM OF THE 2ND |
|
Pompano Beach Stingrays batting - Pitching for Miami Whales : LHP Xavier Pickhills
|
|
Batting: SHB Juan Molina
|
0-0: Fly out, F8 (Flyball, 8RS, EV 93.1 MPH)
|
|
Batting: RHB William Waag
|
0-0: Ball 1-0: Fly out, F7 (Flyball, 7D, EV 99.4 MPH)
|
|
Batting: LHB Steve Phillips
|
0-0: Fly out, F6 (Popup, P, EV 76.3 MPH)
|
| Bottom of the 2nd over - 0 runs, 0 hits, 0 errors, 0 left on base; Miami 1 - Pompano Beach 0 |
| TOP OF THE 3RD |
|
Miami Whales batting - Pitching for Pompano Beach Stingrays : LHP Mathew Reeves
|
|
Batting: SHB Ramon Alcantara
|
0-0: Ball 1-0: Called Strike 1-1: Ball 2-1: Called Strike 2-2: Ball 3-2: Base on Balls
|
|
Batting: RHB Tom Grant
|
0-0: Ball 1-0: Ball 2-0: DOUBLE (Line Drive, 78M, EV 93.1 MPH) Ramon Alcantara to third Runner from 3rd tries for Home, SAFE, no throw by LF
|
|
Batting: LHB Lorenzo Bundy
|
0-0: Foul Ball, location: 2F 0-1: Fly out, F7 (Flyball, 7LM, EV 89.4 MPH)
|
|
Batting: RHB Rafael Ortega
|
0-0: Ball Wild Pitch! Tom Grant to third 1-0: Foul Ball, location: 2F 1-1: Foul Ball, location: 2F 1-2: Ball 2-2: Fly out, F3 (Popup, 3F, EV 70.0 MPH)
|
|
Batting: RHB Steve Benson
|
0-0: Ball 1-0: Ground out 5-3 (Groundball, 56, EV 102.5 MPH)
|
| Top of the 3rd over - 1 run, 1 hit, 0 errors, 1 left on base; Miami 2 - Pompano Beach 0 |
| BOTTOM OF THE 3RD |
|
Pompano Beach Stingrays batting - Pitching for Miami Whales : LHP Xavier Pickhills
|
|
Batting: SHB Maury Ornest
|
0-0: Called Strike 0-1: Ball 1-1: Fly out, F8 (Flyball, 8RXD, EV 95.6 MPH)
|
|
Batting: LHB Arnold McCrary
|
0-0: Called Strike 0-1: Foul Ball, location: 2F 0-2: Ground out 4-3 (Groundball, 4MS, EV 78.1 MPH)
|
|
Batting: RHB Whitney Harry
|
0-0: Ground out 4-3 (Groundball, 4, EV 110.6 MPH)
|
| Bottom of the 3rd over - 0 runs, 0 hits, 0 errors, 0 left on base; Miami 2 - Pompano Beach 0 |
| TOP OF THE 4TH |
|
Miami Whales batting - Pitching for Pompano Beach Stingrays : LHP Mathew Reeves
|
|
Batting: RHB Donald Morris
|
0-0: Ground out 6-3 (Groundball, 6, EV 106.3 MPH)
|
|
Batting: RHB Ramon Cardenas
|
0-0: Fly out, F5 (Flyball, 56D, EV 93.1 MPH)
|
|
Batting: SHB Philip Rossi
|
0-0: SINGLE (Line Drive, 4MD, EV 115.0 MPH)
|
|
Batting: RHB Patrick Rubino
|
0-0: Ball 1-0: Swinging Strike 1-1: Called Strike 1-2: Ball 2-2: Strikes out swinging
|
| Top of the 4th over - 0 runs, 1 hit, 0 errors, 1 left on base; Miami 2 - Pompano Beach 0 |
| BOTTOM OF THE 4TH |
|
Pompano Beach Stingrays batting - Pitching for Miami Whales : LHP Xavier Pickhills
|
|
Batting: RHB Jorge Villalobos
|
0-0: Ball 1-0: Ball 2-0: Ball 3-0: Called Strike 3-1: Ground out 6-3 (Groundball, 56, EV 83.8 MPH)
|
|
Batting: SHB Gene Roof
|
0-0: Ball 1-0: Ground out 6-3 (Groundball, 56, EV 88.1 MPH)
|
|
Batting: RHB Mark Strucher
|
0-0: Foul Ball, location: 2F 0-1: Foul Ball, location: 2F 0-2: Ball 1-2: Strikes out swinging
|
| Bottom of the 4th over - 0 runs, 0 hits, 0 errors, 0 left on base; Miami 2 - Pompano Beach 0 |
| TOP OF THE 5TH |
|
Miami Whales batting - Pitching for Pompano Beach Stingrays : LHP Mathew Reeves
|
|
Batting: SHB Ramon Alcantara
|
0-0: Ball 1-0: Ball 2-0: Called Strike 2-1: Called Strike 2-2: Ball 3-2: Foul Ball, location: 2F 3-2: Foul Ball, location: 2F 3-2: SINGLE (Groundball, 56D, EV 95.6 MPH)
|
|
Batting: RHB Tom Grant
|
0-0: Ball 1-0: Ball 2-0: Ball 3-0: Base on Balls Ramon Alcantara to second
|
|
Batting: LHB Lorenzo Bundy
|
0-0: Ball 1-0: Swinging Strike 1-1: Ball 2-1: Foul Ball, location: 2F 2-2: Grounds into double play, 4-6-3 (Groundball, 34, EV 84.4 MPH) Ramon Alcantara to third
|
|
Batting: RHB Rafael Ortega
|
0-0: Called Strike 0-1: Ball 1-1: Ball Passed Ball! Ramon Alcantara scores 2-1: Called Strike 2-2: Ball 3-2: Foul Ball, location: 2F 3-2: Base on Balls
|
|
Batting: RHB Steve Benson
|
0-0: Foul Ball, location: 2F 0-1: Ball 1-1: Fly out, F4 (Popup, 34, EV 80.0 MPH)
|
| Top of the 5th over - 1 run, 1 hit, 0 errors, 1 left on base; Miami 3 - Pompano Beach 0 |
| BOTTOM OF THE 5TH |
|
Pompano Beach Stingrays batting - Pitching for Miami Whales : LHP Xavier Pickhills
|
|
Batting: SHB Juan Molina
|
0-0: Ball 1-0: Foul Ball, location: 2F 1-1: Ball 2-1: Ball 3-1: Foul Ball, location: 2F 3-2: Foul Ball, location: 2F 3-2: DOUBLE (Line Drive, 78D, EV 106.9 MPH)
|
|
Batting: RHB William Waag
|
0-0: Ball 1-0: Fly out, F4 (Popup, 3D, EV 61.9 MPH)
|
|
Batting: LHB Steve Phillips
|
0-0: Foul Ball, location: 2F 0-1: Ball 1-1: DOUBLE (Line Drive, 89M, EV 106.3 MPH) Juan Molina scores
|
|
Batting: SHB Maury Ornest
|
0-0: Foul Ball, location: 2F 0-1: Swinging Strike 0-2: Ball 1-2: Ball 2-2: Strikes out swinging
|
|
Batting: LHB Arnold McCrary
|
0-0: Ball 1-0: Ball 2-0: Foul Ball, location: 2F 2-1: Ball 3-1: Base on Balls
|
|
Batting: RHB Whitney Harry
|
0-0: Called Strike 0-1: Ball 1-1: Fly out, F8 (Line Drive, 8LD, EV 91.9 MPH)
|
| Bottom of the 5th over - 1 run, 2 hits, 0 errors, 2 left on base; Miami 3 - Pompano Beach 1 |
| TOP OF THE 6TH |
|
Miami Whales batting - Pitching for Pompano Beach Stingrays : LHP Mathew Reeves
|
|
Batting: RHB Donald Morris
|
0-0: Ball 1-0: Swinging Strike 1-1: Ball 2-1: Ball 3-1: Base on Balls
|
|
Batting: RHB Ramon Cardenas
|
0-0: Sac Bunt to 5S - play at first, batter OUT! 5-3 Donald Morris to second
|
|
Batting: SHB Philip Rossi
|
0-0: Ball 1-0: Ball 2-0: Called Strike 2-1: Swinging Strike 2-2: Foul Ball, location: 2F 2-2: Ball 3-2: Foul Ball, location: 2F 3-2: Ground out 2-3 (Groundball, 15S, EV 67.5 MPH) Donald Morris to third
|
|
Batting: RHB Patrick Rubino
|
0-0: Ball 1-0: Ball 2-0: Ball 3-0: Base on Balls
|
|
Batting: SHB Ramon Alcantara
|
0-0: Foul Ball, location: 2F 0-1: Ball 1-1: Foul Ball, location: 2F 1-2: Ball 2-2: Foul Ball, location: 2F 2-2: Foul Ball, location: 2F 2-2: Ball Wild Pitch! Donald Morris scores Patrick Rubino to second 3-2: Fly out, F8 (Flyball, 8LM, EV 86.9 MPH)
|
| Top of the 6th over - 1 run, 0 hits, 0 errors, 1 left on base; Miami 4 - Pompano Beach 1 |
| BOTTOM OF THE 6TH |
|
Pompano Beach Stingrays batting - Pitching for Miami Whales : LHP Xavier Pickhills
|
|
Batting: RHB Jorge Villalobos
|
0-0: Called Strike 0-1: Ball 1-1: Foul Ball, location: 2F 1-2: Ball 2-2: Ball 3-2: Ground out 6-3 (Groundball, 6, EV 85.6 MPH)
|
|
Batting: SHB Gene Roof
|
0-0: Called Strike 0-1: Ball 1-1: Ground out 6-3 (Groundball, 6S, EV 90.0 MPH)
|
|
Batting: RHB Mark Strucher
|
0-0: Swinging Strike 0-1: Swinging Strike 0-2: Ball 1-2: Strikes out swinging
|
| Bottom of the 6th over - 0 runs, 0 hits, 0 errors, 0 left on base; Miami 4 - Pompano Beach 1 |
| TOP OF THE 7TH |
|
Miami Whales batting - Pitching for Pompano Beach Stingrays : LHP Mathew Reeves
|
|
Batting: RHB Tom Grant
|
0-0: Swinging Strike 0-1: Ball 1-1: Foul Ball, location: 2F 1-2: Foul Ball, location: 2F 1-2: Ball 2-2: Ground out 4-3 (Groundball, 4, EV 84.4 MPH)
|
|
Batting: LHB Lorenzo Bundy
|
0-0: Called Strike 0-1: Swinging Strike 0-2: Strikes out swinging
|
|
Batting: RHB Rafael Ortega
|
0-0: Swinging Strike 0-1: Ball 1-1: Called Strike 1-2: Strikes out looking
|
| Top of the 7th over - 0 runs, 0 hits, 0 errors, 0 left on base; Miami 4 - Pompano Beach 1 |
| BOTTOM OF THE 7TH |
|
Pompano Beach Stingrays batting - Pitching for Miami Whales : LHP Xavier Pickhills
|
|
Batting: SHB Juan Molina
|
0-0: Ball 1-0: Called Strike 1-1: Called Strike 1-2: Ball 2-2: Fly out, F9 (Flyball, 89D, EV 81.3 MPH)
|
|
Batting: RHB William Waag
|
0-0: Ball 1-0: Ball 2-0: Ball 3-0: Base on Balls
|
|
Batting: LHB Steve Phillips
|
0-0: Ball 1-0: Ball 2-0: Called Strike 2-1: Ball 3-1: Base on Balls William Waag to second
|
|
Batting: SHB Maury Ornest
|
0-0: Called Strike 0-1: Fly out, F8 (Flyball, 8LXD, EV 83.1 MPH) Runner from 2nd tags up, SAFE at 3rd, no throw by CF
|
|
Batting: LHB Arnold McCrary
|
0-0: Called Strike 0-1: Ground out 4-3 (Groundball, 34, EV 85.0 MPH)
|
| Bottom of the 7th over - 0 runs, 0 hits, 0 errors, 2 left on base; Miami 4 - Pompano Beach 1 |
| TOP OF THE 8TH |
|
Miami Whales batting - Pitching for Pompano Beach Stingrays : LHP Mathew Reeves
|
|
Batting: RHB Steve Benson
|
0-0: Called Strike 0-1: Foul Ball, location: 2F 0-2: Foul Ball, location: 2F 0-2: Foul Ball, location: 2F 0-2: SINGLE (Groundball, 6MD, EV 103.8 MPH)
|
|
Batting: RHB Donald Morris
|
0-0: Ball Steve Benson steals 2nd base 1-0: Swinging Strike 1-1: Ball 2-1: Ball 3-1: Called Strike 3-2: SINGLE (Line Drive, 56, EV 97.5 MPH) Steve Benson to third
|
|
Batting: RHB Ramon Cardenas
|
0-0: Foul Ball, location: 2F 0-1: Fielders Choice at 2nd, 5-4 (Groundball, 56, EV 101.3 MPH) Steve Benson scores
|
|
Batting: SHB Philip Rossi
|
0-0: Reached on error, E5 (Groundball, 56S, EV 70.0 MPH) Ramon Cardenas to second
|
|
Batting: RHB Patrick Rubino
|
0-0: Ball 1-0: Fly out, F9 (Flyball, 9, EV 81.9 MPH)
|
|
Batting: SHB Ramon Alcantara
|
0-0: Ball 1-0: Ball 2-0: Called Strike 2-1: SINGLE (Groundball, 25, EV 75.6 MPH) (infield hit) Ramon Cardenas to third Philip Rossi to second
|
|
Batting: RHB Tom Grant
|
0-0: Ball 1-0: Ball 2-0: Ball 3-0: Base on Balls Ramon Cardenas scores Philip Rossi to third Ramon Alcantara to second
|
|
Pitching: RHP Scott Dye
|
|
|
Batting: LHB Lorenzo Bundy
|
0-0: Ball 1-0: Ball 2-0: Foul Ball, location: 2F 2-1: Fly out, F8 (Flyball, 8LD, EV 93.8 MPH)
|
| Top of the 8th over - 2 runs, 3 hits, 1 error, 3 left on base; Miami 6 - Pompano Beach 1 |
| BOTTOM OF THE 8TH |
|
Pompano Beach Stingrays batting - Pitching for Miami Whales : LHP Xavier Pickhills
|
|
Batting: RHB Whitney Harry
|
0-0: Ground out 6-3 (Groundball, 6, EV 88.8 MPH)
|
|
Batting: RHB Jorge Villalobos
|
0-0: Ball 1-0: Ball 2-0: Called Strike 2-1: Ground out 5-3 (Groundball, 56, EV 107.5 MPH)
|
|
Batting: SHB Gene Roof
|
0-0: Fly out, F7 (Line Drive, 7, EV 96.9 MPH)
|
| Bottom of the 8th over - 0 runs, 0 hits, 0 errors, 0 left on base; Miami 6 - Pompano Beach 1 |
| TOP OF THE 9TH |
|
Miami Whales batting - Pitching for Pompano Beach Stingrays : RHP Scott Dye
|
|
Batting: RHB Rafael Ortega
|
0-0: Ball 1-0: Ball 2-0: Fly out, F8 (Flyball, 78M, EV 80.6 MPH)
|
|
Batting: RHB Steve Benson
|
0-0: Called Strike 0-1: Called Strike 0-2: Ball 1-2: Foul Ball, location: 2F 1-2: Foul Ball, location: 2F 1-2: Foul Ball, location: 2F 1-2: SOLO HOME RUN (Flyball, 9D, EV 94.4 MPH), Distance : 388 ft
|
|
Batting: RHB Donald Morris
|
0-0: Called Strike 0-1: Foul Ball, location: 2F 0-2: Foul Ball, location: 2F 0-2: Ground out U3 (Groundball, 3L, EV 85.6 MPH)
|
|
Batting: RHB Ramon Cardenas
|
0-0: Ball 1-0: Fly out, F6 (Line Drive, 6, EV 70.6 MPH)
|
| Top of the 9th over - 1 run, 1 hit, 0 errors, 0 left on base; Miami 7 - Pompano Beach 1 |
| BOTTOM OF THE 9TH |
|
Pompano Beach Stingrays batting - Pitching for Miami Whales : LHP Xavier Pickhills
|
|
Batting: RHB Mark Strucher
|
0-0: Called Strike 0-1: Foul Ball, location: 2F 0-2: Ball 1-2: Ball 2-2: Strikes out swinging
|
|
Batting: SHB Juan Molina
|
0-0: Ground out 6-3 (Groundball, 6, EV 81.3 MPH)
|
|
Batting: RHB William Waag
|
0-0: Called Strike 0-1: Called Strike 0-2: Ball 1-2: Foul Ball, location: 2F 1-2: Ball 2-2: Ground out 6-3 (Groundball, 6, EV 81.9 MPH)
|
| Bottom of the 9th over - 0 runs, 0 hits, 0 errors, 0 left on base; Miami 7 - Pompano Beach 1 |
|